 Dungeon Crawl Stone Soup version 0.27-a0-1579-g97d2440184 (webtiles) character file.

Game seed: 842760426560215928

29 bande the Shield-Bearer (level 3, -5/23 HPs)
             Began as a Gargoyle Fighter on July 18, 2021.
             Slain by Terence (10 damage)
             ... on level 2 of the Dungeon.
             The game lasted 00:01:40 (833 turns).

bande the Shield-Bearer (Gargoyle Fighter)           Turns: 833, Time: 00:01:40

Health: -5/23      AC: 11    Str: 19    XL:     3   Next: 16%
Magic:  3/3        EV:  7    Int:  8    God:
Gold:   20         SH:  9    Dex: 10    Spells: 2/2 levels left

rFire    . . .     SeeInvis .   a - +0 war axe
rCold    . . .     Faith    .   c - +0 kite shield
rNeg     + . .     Spirit   .   b - +0 scale mail
rPois    ∞         Reflect  .   (no helmet)
rElec    +         Harm     .   i - +0 cloak
rCorr    .         Rampage  .   (no gloves)
Will     .....                  (no boots)
Stlth    ..........             (no amulet)
HPRegen  0.07/turn              (no ring)
MPRegen  0.08/turn              (no ring)

@: no status effects
A: sickness immunity, AC +3, negative energy resistance 1, electricity
resistance, torment resistance 1, petrification resistance
a: no special abilities


You were on level 2 of the Dungeon.
You visited 1 branch of the dungeon, and saw 2 of its levels.

You collected 20 gold pieces.

Inventory:

Hand Weapons
 a - a +0 war axe (weapon)
Armour
 b - a +0 scale mail (worn)
 c - a +0 kite shield (worn)
 i - a +0 cloak (worn)
Scrolls
 e - a scroll of silence {unknown}
 f - a scroll of blinking {unknown}
 g - 2 scrolls of noise {unknown}
 h - a scroll of fear {unknown}
 j - a scroll of amnesia {unknown}
 k - a scroll of vulnerability {unknown}
Potions
 d - a potion of might


   Skills:
 + Level 3.5 Fighting
 + Level 2.0 Axes
 + Level 3.5 Armour
 + Level 4.0 Shields


You had 2 spell levels left.
You didn't know any spells.
Your spell library was empty.

Dungeon Overview and Level Annotations

Branches:
Dungeon (2/15)

Altars:

Shops:
D:2 **

Annotations:
D:2 Terence


Innate Abilities, Weirdness & Mutations

You are immune to sickness and miasma.
Your stone body is resilient. (AC +3)
You are immune to poison.
You resist negative energy. (rN+)
You are resistant to electric shocks. (rElec)
You are resistant to unholy torment.
You are immune to petrification.


Message History

k - a scroll labelled BOLLOSEZX LEEL Terence the Incautious comes into view.
He is wielding a +0 flail.
Terence shouts!
Terence moves out of view.
There is an entrance to Musacudd's Assorted Antiques here.
You hit Terence.
Terence is lightly wounded.
Terence hits you with a +0 flail. You block Terence's attack.
You closely miss Terence.
Terence is lightly wounded.
Terence hits you with a +0 flail. Terence closely misses you.
You hit Terence but do no damage.
Terence is lightly wounded.
Terence hits you with a +0 flail.
You slash Terence!
Terence is heavily wounded.
You block Terence's attack. Terence hits you with a +0 flail.
You hit Terence.
Terence is almost dead.
Terence hits you but does no damage. You block Terence's attack.
You hit Terence but do no damage.
Terence is almost dead.
Terence hits you with a +0 flail.
You hit Terence but do no damage.
Terence is severely wounded.
Terence hits you with a +0 flail. x2
* * * LOW HITPOINT WARNING * * *
You are too injured to fight recklessly!
You are too injured to fight recklessly!
You are too injured to fight recklessly!
You are too injured to fight recklessly!
Your shield prevents you from hitting Terence.
Terence is severely wounded.
A hobgoblin comes into view.
You block Terence's attack.
You barely miss Terence.
Terence is severely wounded.
The hobgoblin shouts!
Terence hits you with a +0 flail!
You die...

## ##### ####
#.####...# ...# ####
#...##...# #...# ...#
#........###....# ...#
#.#8............#
.[.###...........#...##
...##.8.∩.8....∩......#
...#....<......#@.....#
........8.....$#@.....#
...>...........##.....#
†.....!.......!# .....#
...............#
.......
................
.....##
......#..######.
.....g. ......#..#
.....#. ...........


You could see Terence and a hobgoblin.

Vanquished Creatures
  A dart slug (D:1)
  2 ball pythons (D:1)
  An endoplasm (D:2)
  A giant cockroach (D:2)
  A goblin (D:1)
  4 hobgoblins (D:1)
  2 kobolds (D:1)
  3 bats (D:1)
  7 frilled lizards
  4 rats (D:1)
26 creatures vanquished.

Notes
Turn   | Place    | Note
-------+----------+-------------------------------------------
     0 | D:1      | bande the Gargoyle Fighter began the quest for the Orb.
     0 | D:1      | Reached XP level 1. HP: 14/14 MP: 1/1
   168 | D:1      | Reached XP level 2. HP: 19/19 MP: 2/2
   224 | D:1      | Found a faded altar of an unknown god.
   581 | D:1      | Reached skill level 4 in Shields
   581 | D:1      | Reached XP level 3. HP: 22/23 MP: 3/3
   800 | D:2      | Found Vomirogi's Assorted Antiques.
   814 | D:2      | Found Musacudd's Assorted Antiques.
   821 | D:2      | Noticed Terence
   833 | D:2      | Slain by Terence

Illustrated notes

Levels and vault maps discovered:
D:1:      lightli_arrival_flooded_house, layout_loops_ring,
          ebering_ecumenical_altar_mist, minmay_3d_cube
D:2:      layout_rooms, serial_shops, nicolae_diamond_shop,
          nicolae_shop_statue_plus, shop, nicolae_lakefront_shop, shop,
          minmay_pentomino_pile, uniq_terence

Skill      XL: |  1  2 |
---------------+-------+-----
Axes           | 2 |  2.0
Shields        | 4 |  4.0
Fighting       | |  3.5
Armour         | |  3.5

Action                   || total
-------------------------++-------
Melee: War axe           ||    96
Armor: Scale mail        ||    55
Dodge: Dodged            ||    36
Block: Kite shield       ||    64

Table legend: (Time is in decaauts)
 A = Elapsed time spent in this place.
 B = Non-inter-level travel time spent in this place.
 C = Inter-level travel time spent in this place.
 D = Time resting spent in this place.
 E = Time spent auto-exploring this place.
 F = Levels seen in this place.
 G = Mean time per level.
                   A        B        C        D        E       F      G
               +--------+--------+--------+--------+--------+-----+--------+
         Total |    893 |    866 |     27 |      0 |    628 |   2 |  446.5 |
       Dungeon |    893 |    866 |     27 |      0 |    628 |   2 |  446.5 |
               +--------+--------+--------+--------+--------+-----+--------+

Top non-repeatable levels by time:
     D:1: 847 daAuts
     D:2: 46 daAuts
